 Dungeon Crawl Stone Soup version 0.30-a0-394-g3e4acdb0ae (webtiles) character file.

Game seed: 1566777009869749163

23142 cforsyth the Severer (level 13, -18/126 HPs)
             Began as a Hill Orc Fighter on Dec 6, 2022.
             Was a Believer of Beogh.
             Demolished by a skeletal warrior
             ... wielding a +0 battleaxe
              (26 damage)
             ... on level 12 of the Dungeon on Dec 7, 2022.
             The game lasted 00:36:00 (16558 turns).

cforsyth the Severer (Hill Orc Fighter)            Turns: 16558, Time: 00:36:01

Health: -18/126    AC: 14    Str: 26    XL:     13   Next: 4%
Magic:  15/15      EV:  9    Int:  8    God:    Beogh [**....]
Gold:   642        SH:  5    Dex: 10    Spells: 12/12 levels left

rFire   + + +      SeeInvis +    y - +1 war axe
rCold   + + .      Faith    .    c - +1 buckler
rNeg    . . .      Spirit   .    L - +3 scale mail of the Evening Star {rF++ Str+2 SInv}
rPois   +          Reflect  .    D - +2 hat {Stlth+}
rElec   .          Harm     .    e - scarf {rC+ rF+}
rCorr   .          Rampage  .    (no gloves)
Will    .....                    (no boots)
Stlth   +.........               z - amulet of the acrobat
HPRegen 0.41/turn                o - ring of protection from cold
MPRegen 0.14/turn                I - ring of poison resistance

@: no status effects
A: no striking features
a: Renounce Religion, Smiting


You were on level 12 of the Dungeon.
You worshipped Beogh.
Beogh was pleased with you.
You visited 3 branches of the dungeon, and saw 15 of its levels.

You collected 642 gold pieces.

Inventory:

Hand Weapons
 y - a +1 war axe (weapon)
Missiles
 H - a throwing net (quivered)
Armour
 b - a +0 scale mail
 c - a +1 buckler (worn)
 e - a scarf of resistance (worn)
 q - a +0 cloak
 u - a +0 plate armour
 D - a +2 hat of stealth (worn)
 F - a +2 cloak
 L - the +3 scale mail of the Evening Star (worn) {rF++ Str+2 SInv}
   (You found it on level 10 of the Dungeon)

   Str:       It affects your strength (+2).
   rF:        It greatly protects you from fire.
   SInv:      It lets you see invisible.
Jewellery
 o - a ring of protection from cold (left hand)
 z - an amulet of the acrobat (around neck)
 I - a ring of poison resistance (right hand)
Wands
 d - a wand of polymorph (4)
 l - a wand of light (16)
 m - a wand of flame (14)
 K - a wand of paralysis (2)
Scrolls
 f - 2 scrolls of fog
 h - 2 scrolls of enchant armour
 k - 4 scrolls of teleportation
 t - a scroll of brand weapon {unknown}
 v - 2 scrolls of amnesia
 w - 3 scrolls of fear
 x - a scroll of blinking {unknown}
 E - 2 scrolls of magic mapping
 G - 2 scrolls of immolation {unknown}
 J - a scroll of noise {unknown}
Potions
 a - 3 potions of heal wounds {unknown}
 g - 9 potions of curing
 i - 5 potions of mutation
 j - 4 potions of flight
 n - 3 potions of ambrosia
 p - a potion of brilliance
 r - a potion of resistance {unknown}
 s - 2 potions of magic {unknown}
 A - 3 potions of lignification
 B - 6 potions of attraction {unknown}
 C - a potion of berserk rage {unknown}


   Skills:
 + Level 15.0 Fighting
 + Level 16.0 Axes
 + Level 13.8 Armour
 - Level 3.5 Shields
 + Level 3.1 Invocations


You had 12 spell levels left.
You didn't know any spells.
Your spell library contained the following spells:

 Spells                   Type           Power      Damage    Failure   Level
 Magic Dart               Conj           0%         1d3       71%         1
 Necrotise                Necr           0%         1d4       71%         1
 Sandblast                Erth           0%         2d4       71%         1
 Call Imp                 Summ           0%         N/A       85%         2
 Passwall                 Tmut/Erth      0%         N/A       85%         2
 Sublimation of Blood     Necr           0%         N/A       85%         2
 Dazzling Flash           Conj/Hex       0%         N/A       97%         3
 Mephitic Cloud           Conj/Pois/Air  0%         N/A       97%         3
 Stone Arrow              Conj/Erth      0%         3d7       97%         3
 Vampiric Draining        Necr           0%         2d6       97%         3
 Animate Dead             Necr           0%         N/A       100%        4
 Iskenderun's Mystic Bla  Conj/Tloc      0%         2d3       100%        4
 Petrify                  Tmut/Erth      0%         N/A       100%        4
 Agony                    Necr           0%         N/A       100%        5
 Borgnjor's Vile Clutch   Necr/Erth      0%         N/A       100%        5
 Irradiate                Conj/Tmut      0%         3d11      100%        5
 Death Channel            Necr           0%         N/A       100%        6
 Starburst                Conj/Fire      0%         6d3       100%        6


Dungeon Overview and Level Annotations

Branches:
Dungeon (12/15)            Temple (1/1) D:4            Lair (2/5) D:11
    Orc (0/2) D:9
  Swamp: Lair:2-3    Shoals: Lair:2-3     Snake: Lair:2-3    Spider: Lair:2-3

Altars:
Ashenzari
Cheibriados
Dithmenos
Elyvilon
Fedhas
Gozag
Hepliaklqana
Kikubaaqudgha
Makhleb
Nemelex Xobeh
Okawaru
Qazlal
Ru
Sif Muna
Trog
Uskayaw
Vehumet
Wu Jian
Xom
Yredelemnul
Zin
The Shining One

Shops:
D:5 ?

Portals:
Trove: D:11 (give +7 demon whip)


Message History

The skeletal warrior barely misses you.
You slash the skeletal warrior!
The skeletal warrior is heavily damaged.
You hit the skeletal warrior but do no damage.
The skeletal warrior is heavily damaged.
You block the skeletal warrior's attack.
You hit the skeletal warrior.
The skeletal warrior is heavily damaged.
The skeletal warrior hits you with a +0 battleaxe!
You hit the skeletal warrior but do no damage.
The skeletal warrior is heavily damaged.
You hit the skeletal warrior but do no damage.
You hit the skeletal warrior.
The skeletal warrior is heavily damaged.
You hit the skeletal warrior but do no damage.
The skeletal warrior hits you with a +0 battleaxe!
The skeletal warrior hits you with a +0 dire flail!!
You hit the skeletal warrior but do no damage.
The skeletal warrior is heavily damaged.
You hit the skeletal warrior but do no damage.
The skeletal warrior closely misses you.
The skeletal warrior hits you with a +0 dire flail!!
You closely miss the skeletal warrior.
The skeletal warrior is heavily damaged.
You hit the skeletal warrior but do no damage.
The skeletal warrior hits you with a +0 battleaxe.
The skeletal warrior closely misses you.
You slash the skeletal warrior!
The skeletal warrior is severely damaged.
You barely miss the skeletal warrior. You hit the skeletal warrior.
The skeletal warrior is severely damaged.
You hit the skeletal warrior but do no damage.
The skeletal warrior hits you with a +0 battleaxe!
* * * LOW HITPOINT WARNING * * *
The skeletal warrior hits you with a +0 dire flail!!
* * * LOW HITPOINT WARNING * * *
You hit the skeletal warrior but do no damage. x2
The skeletal warrior hits you with a +0 battleaxe!!
You die...

##.####### #. #.
############.
#............
#.########### # #.#
#. #.#
#####.############.#
............z@z..z.#
#######.##########.#
#.# #.# #.# #.# #.#
#.# #)# #.# #.# .
#.# ..............#
#.#
##.###.........###.#


You could see 3 skeletal warriors.

Vanquished Creatures
  Gastronok (D:10)
  2 boulder beetles (D:11)
  3 death yaks (D:11)
  A two-headed ogre (D:11)
  Amaemon (Lair:1)
  A skeletal warrior (D:12)
  Maurice (D:10)
  An orange demon (Lair:1)
  A gargoyle (D:11)
  2 black mambas
  3 cane toads (Lair:1)
  4 komodo dragons (Lair:1)
  Maggie (D:10)
  3 trolls
  A hornet (D:11)
  4 blink frogs (Lair:2)
  A shadow (D:9)
  2 wraiths
  2 wyverns
  2 basilisks (Lair:1)
  A steam dragon (D:8)
  29 yaks
  Eustachio (D:6)
  A naga (Lair:2)
  2 acid dragons
  A two-headed ogre zombie (D:9)
  9 water moccasins
  A sky beast (D:7)
  2 black bears (Lair:1)
  4 orc warriors
  3 hornet zombies (D:7)
  9 wolves
  4 centaurs
  2 ogres (D:5)
  3 phantoms
  2 kobold brigands
  5 bullfrogs
  2 necrophages
  3 wyvern zombies (D:7)
  2 water moccasin zombies (D:7)
  A gnoll sergeant (D:11)
  3 scorpions
  11 wights (D:7)
  5 killer bees (D:9)
  2 troll zombies (D:9)
  4 howler monkeys
  3 bullfrog zombies (D:7)
  4 centaur zombies (D:7)
  3 hounds
  An orc priest (D:10)
  2 jellies
  A gnoll bouda (Temple)
  Crazy Yiuf (D:5)
  5 iguanas
  3 orc wizards
  4 ogre zombies (D:9)
  3 howler monkey zombies (D:7)
  9 adders
  8 gnolls
  2 ufetubi
  2 worms
  3 dart slugs
  20 orcs
  4 endoplasms
  3 giant cockroaches
  9 goblins
  3 hobgoblins
  14 kobolds
  3 quokkas
  4 ball pythons
  3 bats
  3 frilled lizards
  2 goblin skeletons (D:9)
  A goblin zombie (D:9)
  2 hobgoblin skeletons (D:9)
  5 hobgoblin zombies (D:9)
  4 orc skeletons (D:9)
  10 orc zombies (D:9)
  7 rats
300 creatures vanquished.

Vanquished Creatures (others)
  9 fungi
  41 plants
  6 withered plants (D:7)
56 creatures vanquished.

Grand Total: 356 creatures vanquished

Notes
Turn   | Place    | Note
-------+----------+-------------------------------------------
     0 | D:1      | cforsyth the Hill Orc Fighter began the quest for the Orb.
     0 | D:1      | Reached XP level 1. HP: 19/19 MP: 1/1
   152 | D:1      | Reached XP level 2. HP: 27/27 MP: 2/2
   155 | D:1      | Reached skill level 3 in Axes
   663 | D:2      | Found a glowing silver altar of Zin.
   684 | D:2      | Reached XP level 3. HP: 18/33 MP: 3/3
  1229 | D:2      | Reached XP level 4. HP: 41/41 MP: 4/4
  1758 | D:3      | Reached skill level 4 in Axes
  2045 | D:3      | Noticed a phantom
  2053 | D:3      | Killed a phantom
  2054 | D:3      | Reached skill level 5 in Fighting
  2054 | D:3      | Reached XP level 5. HP: 37/48 MP: 5/5
  2437 | D:4      | Found a blossoming altar of Fedhas.
  2550 | D:4      | Found a staircase to the Ecumenical Temple.
  2559 | Temple   | Entered the Ecumenical Temple
  2666 | Temple   | Reached skill level 5 in Axes
  2667 | Temple   | Reached XP level 6. HP: 36/56 MP: 6/6
  2792 | D:4      | Reached skill level 5 in Armour
  3269 | D:5      | Entered Level 5 of the Dungeon
  3324 | D:5      | Reached XP level 7. HP: 58/63 MP: 7/7
  3425 | D:5      | Reached skill level 6 in Axes
  4071 | D:5      | Found Qianita's Magic Scroll Shop.
  4143 | D:5      | Found a glowing silver altar of Zin.
  4432 | D:5      | Found a runed translucent door.
  4433 | D:5      | Noticed Crazy Yiuf
  4439 | D:5      | Killed Crazy Yiuf
  4440 | D:5      | Reached skill level 7 in Axes
  4440 | D:5      | Reached XP level 8. HP: 73/73 MP: 8/8
  4806 | D:6      | Noticed Eustachio
  4957 | D:6      | Killed Eustachio
  5037 | D:6      | Found a sparkling altar of Nemelex Xobeh.
  5318 | D:7      | Reached skill level 8 in Axes
  5523 | D:7      | Reached XP level 9. HP: 48/82 MP: 9/9
  5579 | D:7      | Reached skill level 9 in Axes
  6179 | D:7      | Reached skill level 10 in Axes
  6670 | D:7      | Reached skill level 10 in Fighting
  6883 | D:8      | Reached XP level 10. HP: 93/93 MP: 10/10
  7249 | D:8      | Reached skill level 11 in Axes
  8230 | D:9      | Reached skill level 10 in Armour
  8239 | D:9      | Found a staircase to the Orcish Mines.
  8240 | D:9      | Became a worshipper of Beogh the Brigand
  8779 | D:10     | Entered Level 10 of the Dungeon
  8840 | D:10     | Identified the +3 scale mail of the Evening Star {rF++
                  | Str+2 SInv}
  8880 | D:10     | Reached skill level 12 in Axes
  9011 | D:10     | Noticed Gastronok
  9046 | D:10     | Killed Gastronok
  9047 | D:10     | Reached XP level 11. HP: 74/104 MP: 11/11
  9132 | D:10     | Found an ornate altar of the Wu Jian Council.
  9180 | D:10     | Noticed Maggie
  9203 | D:10     | Killed Maggie
  9292 | D:10     | Found an iron altar of Okawaru.
  9472 | D:10     | Found a stormy altar of Qazlal.
  9505 | D:10     | Found a snail-covered altar of Cheibriados.
  9566 | D:10     | Noticed Maurice
  9584 | D:10     | Paralysed by something for 5 turns
  9609 | D:10     | Killed Maurice
 10375 | D:11     | Noticed a two-headed ogre
 10379 | D:11     | Noticed a boulder beetle
 10382 | D:11     | Killed a two-headed ogre
 10383 | D:11     | Reached skill level 13 in Axes
 10538 | D:11     | Reached * piety under Beogh
 11063 | D:11     | Noticed a death yak
 11193 | D:11     | Noticed a death yak
 11193 | D:11     | Noticed a death yak
 11193 | D:11     | Found a staircase to the Lair.
 11319 | D:11     | Noticed a boulder beetle
 11338 | D:11     | Killed a boulder beetle
 11620 | D:11     | Killed a death yak
 11659 | D:11     | Reached skill level 14 in Axes
 11671 | D:11     | Killed a death yak
 12004 | D:11     | Reached XP level 12. HP: 20/115 MP: 12/12
 12317 | D:11     | Killed a boulder beetle
 12972 | Lair:1   | Entered Level 1 of the Lair of Beasts
 12976 | Lair:1   | Identified the +2 robe "Viduf" {Str+2}
 13032 | Lair:1   | Noticed Amaemon
 13061 | Lair:1   | Killed Amaemon
 13071 | Lair:1   | Reached ** piety under Beogh
 13370 | Lair:1   | Reached skill level 15 in Axes
 15679 | Lair:2   | Reached skill level 1 in Invocations
 15925 | Lair:2   | Noticed a five-headed hydra
 16116 | D:11     | Killed a death yak
 16183 | D:11     | Found a portal to a secret trove of treasure.
 16287 | D:12     | Reached XP level 13. HP: 99/125 MP: 14/14
 16532 | D:12     | Reached skill level 15 in Fighting
 16532 | D:12     | Reached skill level 16 in Axes
 16558 | D:12     | Demolished by a skeletal warrior

Illustrated notes

Levels and vault maps discovered:
D:1:      psy_arrival_radial01, layout_loops_ring
D:2:      layout_loops_ring, basic_altar, dreamdust_princess_bridge
D:3:      layout_loops_cross
D:4:      layout_loops_ring, fedhas_altar_2, minmay_temple_entry_junction
D:5:      layout_loops_ring, zin_statuary, serial_shops,
          nicolae_take_the_stairs, uniq_crazy_yiuf_cottage
D:6:      layout_cave_pools, nemelex_spade_bored_becter, uniq_eustachio
D:7:      layout_cave_pools, serial_undead, serial_undead_f, serial_undead_b,
          serial_undead_b, serial_undead_a, serial_undead_c, serial_undead_a,
          serial_undead_d, serial_undead_e
D:8:      layout_loops_ring
D:9:      layout_basic, zombieorc2_lemuel
D:10:     layout_loops_corners, okawaru_gym_becter,
          mainiacjoe_overflow_two_lobes, nicolae_wu_jian_immortal_techniques,
          dk_noncrumbling_3, uniq_gastronok, uniq_maggie, uniq_maurice
D:11:     layout_roguey, dpeg_lair_monsters, nicolae_trove_entry_columns,
          st_stairs_9
D:12:     layout_loops_ring
Temple:   eino_wide_crystal_templ
Lair:1:   layout_cellular_growth, serial_bayou_lagoon_a, grunt_megastairs_5,
          uniq_amaemon
Lair:2:   layout_chaotic_city, minmay_shoals_entry_hut,
          guppyfry_snake_entry_island, roderic_batcave,
          chequers_serial_rivers_room_b

Skill      XL: |  1  2  3  4  5  6  7  8  9 10 11 12 13 |
---------------+----------------------------------------+-----
Axes           | 3 4 5 7 8 10 12 14 15 16 | 16.0
Fighting       | 4 5 6 7 8 10 11 13 14 15 | 15.0
Armour         | 4 5 6 7 9 10 12 13 | 13.8
Invocations    | 2 3 |  3.1
Shields        | |  3.5

Action                   |  1- 3 |  4- 6 |  7- 9 | 10-12 | 13-15 || total
-------------------------+-------+-------+-------+-------+-------++-------
Melee: War axe           |    76 |   175 |   382 |   843 |    30 ||  1506
Invok: Convert to Beogh  |       |       |       |     1 |       ||     1
Evoke: Wand              |       |       |       |     2 |       ||     2
  Use: Scroll            |       |     6 |     7 |     2 |     1 ||    16
       Potion            |       |       |       |     2 |       ||     2
Armor: Scale mail        |    28 |    82 |    52 |     4 |     5 ||   171
       Plate armour      |       |       |   167 |   322 |       ||   489
Dodge: Dodged            |    42 |    82 |   129 |   240 |    11 ||   504
Block: Buckler           |    12 |    41 |   113 |   148 |     3 ||   317

Table legend: (Time is in decaauts)
 A = Elapsed time spent in this place.
 B = Non-inter-level travel time spent in this place.
 C = Inter-level travel time spent in this place.
 D = Time resting spent in this place.
 E = Time spent auto-exploring this place.
 F = Levels seen in this place.
 G = Mean time per level.
                   A        B        C        D        E       F      G
               +--------+--------+--------+--------+--------+-----+--------+
         Total |  16585 |  16002 |    583 |    687 |  11499 |  15 | 1105.7 |
       Dungeon |  13361 |  12871 |    490 |    584 |   9107 |  12 | 1113.4 |
        Temple |    221 |    221 |      0 |    103 |     32 |   1 |  221.0 |
          Lair |   3003 |   2911 |     92 |      0 |   2359 |   2 | 1501.5 |
               +--------+--------+--------+--------+--------+-----+--------+

Top non-repeatable levels by time:
  Lair:1: 2445 daAuts
    D:11: 2304 daAuts
    D:10: 2089 daAuts
     D:7: 1543 daAuts
     D:5: 1378 daAuts
     D:9: 1368 daAuts
     D:3: 958 daAuts
     D:2: 776 daAuts
     D:4: 718 daAuts
     D:1: 679 daAuts
     D:6: 632 daAuts
     D:8: 629 daAuts
  Lair:2: 557 daAuts
    D:12: 281 daAuts
  Temple: 221 daAuts
